 Dungeon Crawl Stone Soup version 0.19.1 (webtiles) character file.

1572 zinhow2 the Firebug (level 9, 0/127 HPs)
             Began as a Human Fire Elementalist on Dec 21, 2016.
             Succumbed to Duvessa's poison
             ... on level 7 of the Dungeon.
             The game lasted 00:28:35 (7186 turns).

zinhow2 the Firebug (Human Fire Elementalist)       Turns: 7186, Time: 00:28:36

Health: 0/127      AC: 24    Str: 14 (16) XL:     9   Next: 13%
Magic:  2/15       EV:  2    Int: 16 (19) God:
Gold:   336        SH:  0    Dex: 12 (13) Spells: 3 memorised, 9 levels left

rFire  . . .     SeeInvis .     h - +0 dagger
rCold  . . .     Gourm    .     (armour currently unavailable)
rNeg   + + +     Faith    .     (no shield)
rPois  +         Spirit   .     (helmet currently unavailable)
rElec  .         Reflect  .     (cloak currently unavailable)
rCorr  .         Harm     .     (gloves currently unavailable)
MR     .....     NoTele   +     (boots currently unavailable)
Stlth  ..........               (no amulet)
                                l - ring of poison resistance
                                k - +2 ring of strength

@: mighty, berserking, lethally poisoned (0 -> -25), tree-form, very slightly
contaminated, very quick
A: no striking features
a: no special abilities


You were on level 7 of the Dungeon.
You were very hungry.
You were a tree.
You visited 1 branch of the dungeon, and saw 7 of its levels.

You collected 336 gold pieces.

Inventory:

Hand Weapons
 h - a +0 dagger (weapon)
 j - a +0 shortbow
Missiles
 m - 4 poisoned tomahawks (quivered)
 D - 45 arrows
Armour
 a - a +1 robe (melded)
 i - a +0 large shield
 n - a +0 plate armour
 w - a +0 pair of boots (melded)
Jewellery
 f - an uncursed ring of positive energy
 k - a +2 ring of strength (left branch)
 l - a ring of poison resistance (right branch)
 v - an uncursed ring of ice
Wands
 t - a wand of lightning (8/15)
 y - a wand of disintegration (6/24)
Scrolls
 d - 2 scrolls of amnesia
 o - 2 scrolls of recharging {unknown}
 p - 2 scrolls of enchant armour
 r - 5 scrolls of remove curse {unknown}
 x - 2 scrolls of teleportation
Potions
 e - a potion of resistance
 g - a potion of cure mutation
 F - a potion of haste {unknown}
Books
 b - a book of Flames

   Spells                             Type                      Level
   a - Flame Tongue                   Conjuration/Fire             1
   b - Throw Flame                    Conjuration/Fire             2
   c - Conjure Flame                  Conjuration/Fire             3
   d - Inner Flame                    Hexes/Fire                   3
   e - Sticky Flame                   Conjuration/Fire             4
   f - Fireball                       Conjuration/Fire             5
Comestibles
 c - 7 bread rations
 q - 2 slices of pizza
 z - 6 fruits
 A - 2 meat rations


   Skills:
 + Level 1.2 Bows
 - Level 3.8 Throwing
 + Level 4.6 Dodging
 + Level 5.2 Stealth
 - Level 0.2 Unarmed Combat
 + Level 4.5 Spellcasting
 + Level 3.9 Conjurations
 + Level 5.6 Fire Magic


You had 9 spell levels left.
You knew the following spells:

 Your Spells              Type           Power        Failure   Level  Hunger
a - Flame Tongue          Conj/Fire      ###..        2%          1    None
b - Conjure Flame         Conj/Fire      ###.....     10%         3    ###....
c - Sticky Flame          Conj/Fire      ###.....     28%         4    ####...


Dungeon Overview and Level Annotations

Branches:
Dungeon (7/15)
 Temple: D:4-7

Altars:
Nemelex Xobeh
Okawaru
Trog
The Shining One

Shops:
D:4 (   D:6 =

Annotations:
D:4 Blork the orc
D:7 Duvessa, Joseph, Pikel


Message History

It was a potion of might.
You feel very mighty all of a sudden.
* * * LOW HITPOINT WARNING * * *
You feel sick.
It was a potion of berserk rage.
A red film seems to cover your vision as you go berserk!
You feel yourself moving faster!
You feel mighty!
* * * LOW HITPOINT WARNING * * *
You feel sick. Duvessa hits you but does no damage.
You are more poisoned.
You are too berserk!
You puncture Duvessa!
Duvessa is severely wounded.
* * * LOW HITPOINT WARNING * * *
You feel sick. Duvessa hits you but does no damage.
You are more poisoned.
You are too berserk!
You hit Duvessa.
Duvessa is almost dead.
You die...

##.#.## ## .♣. # #..#.#
.♣ ####. #....#
......###..### .#
#........##########.#
#..#.##[.............# #
... #................
#..####..).)...........
#.......♣........(.....
.....###e####>....(.....
#..# #.# #........(..
... #.# ##.......... #.#
#.)......$. #.#
#..........
####.######......##.
#......##...######
#.........###


You could see Duvessa (berserk).

Vanquished Creatures
  Grinder (D:6)
  An ice beast (D:6)
  2 sky beasts (D:6)
  2 centaurs (D:6)
  4 ogres
  A scorpion (D:4)
  Dowan (D:7)
  A howler monkey (D:4)
  A centaur skeleton (D:6)
  3 hounds
  An iguana (D:6)
  5 worker ants
  A hound skeleton (D:6)
  An adder (D:6)
  10 gnolls
  An adder zombie (D:6)
  4 worms
  6 leopard geckos
  4 orcs
  A ball python (D:4)
  2 bats
  3 giant cockroaches
  10 goblins
  5 hobgoblins
  5 kobolds
  A quokka (D:5)
  8 frilled lizards
  2 quokka zombies (D:5)
  10 rats
97 creatures vanquished.

Notes
Turn   | Place    | Note
-------+----------+-------------------------------------------
     0 | D:1      | zinhow2 the Human Fire Elementalist began the quest for the Orb.
     0 | D:1      | Reached XP level 1. HP: 13/13 MP: 3/3
   394 | D:1      | Reached XP level 2. HP: 17/19 MP: 3/5
   948 | D:2      | Reached XP level 3. HP: 24/24 MP: 3/6
   961 | D:2      | Learned a level 3 spell: Conjure Flame
  1285 | D:2      | Found a glowing golden altar of the Shining One.
  1582 | D:2      | Reached XP level 4. HP: 30/30 MP: 7/7
  1703 | D:2      | Reached skill level 1 in Throwing
  1936 | D:3      | Reached XP level 5. HP: 33/35 MP: 0/8
  3529 | D:4      | Learned a level 4 spell: Sticky Flame
  3602 | D:4      | Noticed an ogre
  3612 | D:4      | Killed an ogre
  3612 | D:4      | Reached XP level 6. HP: 41/41 MP: 2/10
  3630 | D:4      | Found Ysaat's Weapon Shoppe.
  3717 | D:4      | Noticed Blork the orc
  4187 | D:4      | Reached XP level 7. HP: 41/46 MP: 3/11
  4315 | D:5      | Entered Level 5 of the Dungeon
  4529 | D:5      | Found a bloodstained altar of Trog.
  4640 | D:5      | Found an iron altar of Okawaru.
  4880 | D:6      | Found Aggei's Jewellery Emporium.
  5401 | D:6      | Reached XP level 8. HP: 20/52 MP: 0/13
  5411 | D:6      | Found a sparkling altar of Nemelex Xobeh.
  5439 | D:6      | Noticed Grinder
  5479 | D:6      | Killed Grinder
  5573 | D:6      | Reached skill level 5 in Fire Magic
  6819 | D:6      | Reached skill level 5 in Stealth
  6933 | D:7      | Noticed Pikel
  6936 | D:7      | Noticed Joseph
  7022 | D:7      | Reached XP level 9. HP: 45/57 MP: 10/15
  7084 | D:7      | Reached skill level 1 in Bows
  7109 | D:7      | Noticed Dowan
  7131 | D:7      | Killed Dowan
  7165 | D:7      | Noticed Duvessa
  7182 | D:7      | HP: 4/85 [poisoned by Duvessa]
  7186 | D:7      | Succumbed to Duvessa's poison

Skill      XL: |  1  2  3  4  5  6  7  8  9 |
---------------+----------------------------+-----
Throwing       | 1 2 3 |  3.8
Stealth        | 3 4 5 |  5.2
Fire Magic     | 4 5 |  5.6
Dodging        | 3 4 |  4.6
Spellcasting   | 3 4 |  4.5
Conjurations   | 2 3 |  3.9
Bows           | 1 |  1.2
Unarmed Combat | |  0.2

Action                   |  1- 3 |  4- 6 |  7- 9 || total
-------------------------+-------+-------+-------++-------
Melee: Unarmed           |     4 |       |       ||     4
       Dagger            |    21 |    52 |    52 ||   125
 Fire: Shortbow          |       |       |    15 ||    15
Throw: Tomahawk          |    19 |    29 |    17 ||    65
 Cast: Flame Tongue      |    15 |    75 |    80 ||   170
       Conjure Flame     |       |     2 |     2 ||     4
       Sticky Flame      |       |       |    12 ||    12
  Use: Scroll            |     8 |     1 |     2 ||    11
       Potion            |       |     1 |     5 ||     6
 Stab: Sleeping          |     6 |     2 |     5 ||    13
  Eat: Chunk             |     1 |     6 |    11 ||    18
       Bread ration      |       |     1 |       ||     1
Armor: Robe              |     8 |     7 |    19 ||    34
       Skin              |       |       |     2 ||     2
Dodge: Dodged            |    15 |    58 |    64 ||   137
